 Dungeon Crawl Stone Soup version 0.20.1-1-g8b1a95d (webtiles) character file.

46530 vatarom the Prestidigitator (level 14, -2/103 HPs)
             Began as a Demonspawn Artificer on Sept 6, 2017.
             Was a High Priest of Nemelex Xobeh.
             Killed from afar by a catoblepas (7 damage)
             ... with a blast of calcifying dust
             ... on level 6 of the Lair of Beasts.
             The game lasted 00:49:30 (18262 turns).

vatarom the Prestidigitator (Demonspawn Artificer) Turns: 18262, Time: 00:49:31

Health: -2/103     AC: 20    Str: 17    XL:     14   Next: 5%
Magic:  26/26      EV: 14    Int: 15    God:    Nemelex Xobeh [*****.]
Gold:   940        SH:  0    Dex: 19    Spells: 13/13 levels left

rFire    + + .     SeeInvis .   F - +2 falchion (slice)
rCold    + + .     Gourm    .   (no shield)
rNeg     + . .     Faith    .   D - +5 chain mail of the Marlin {rPois rN+ Int+3}
rPois    +         Spirit   .   f - +0 hat {MR+}
rElec    .         Reflect  .   w - scarf {rC+ rF+}
rCorr    .         Harm     .   (no gloves)
MR       ++...                  (boots unavailable)
Stlth    ..........             S - amulet of regeneration
Regen    0.7/turn               X - +2 ring of evasion
MPRegen  0.2/turn               b - +4 ring of dexterity

@: no status effects
A: hooves 3, icy blue scales 3, fire resistance 1, high mp 1, nightstalker 2,
screaming 1, spiny 1
a: Triple Draw, Deal Four, Stack Five, Renounce Religion


You were on level 6 of the Lair of Beasts.
You worshipped Nemelex Xobeh.
Nemelex Xobeh was extremely pleased with you.
You were not hungry.

You visited 3 branches of the dungeon, and saw 19 of its levels.
You also visited: Bailey.

You collected 940 gold pieces.

Inventory:

Hand Weapons
 A - a +3 scimitar
 F - a +2 falchion of slicing (weapon)
 Q - a +0 great sword of venom
Missiles
 s - 7 poisoned javelins (quivered)
Armour
 f - a +0 hat of magic resistance (worn)
 w - a scarf of resistance (worn)
 D - the +5 chain mail of the Marlin (worn) {rPois rN+ Int+3}
   (You found it on level 8 of the Dungeon)

   It affects your intelligence (+3).
   It protects you from poison.
   It protects you from negative energy.
Jewellery
 b - a +4 ring of dexterity (right hand)
 k - a +4 ring of intelligence
 o - an uncursed ring of protection from fire
 N - an uncursed ring of resist corrosion
 S - an amulet of regeneration (around neck)
 X - a +2 ring of evasion (left hand)
Wands
 a - a wand of digging (6/24)
 d - a wand of enslavement (11/24)
 t - a wand of polymorph (0/24)
 C - a wand of digging (16/24)
 E - a wand of iceblast (7/15)
 K - a wand of lightning (14/15)
 M - a wand of iceblast (5/15)
 P - a wand of clouds (0/9)
 T - a wand of random effects (24/48)
 V - a wand of iceblast (3/15)
Scrolls
 m - 2 scrolls of identify
 r - 2 scrolls of magic mapping
 v - 2 scrolls of enchant armour
 G - 3 scrolls of enchant weapon
 J - 3 scrolls of remove curse
 O - 2 scrolls of recharging
Potions
 g - a potion of haste
 n - 2 potions of flight
 q - a potion of brilliance
 x - 2 potions of resistance
 H - a potion of agility
 I - 2 potions of magic
 Z - 3 potions of heal wounds
Books
 j - a book of Battle

   Spells                             Type                      Level
   a - Infusion                       Charms                       1
   b - Shroud of Golubria             Charms/Translocation         2
   c - Song of Slaying                Charms                       2
   d - Spectral Weapon                Hexes/Charms                 3
   e - Regeneration                   Charms/Necromancy            3
Miscellaneous
 c - an ornate deck of summoning {drawn: 6}
 e - a plain deck of escape
 h - an ornate deck of destruction {drawn: 5}
 u - a legendary deck of destruction {drawn: 2}
 y - a legendary deck of summoning
 R - a fan of gales (inert)
 U - a legendary deck of escape {drawn: 2}
 W - a plain deck of escape
 Y - a sack of spiders
Comestibles
 i - 19 fruits
 l - 4 meat rations
 p - 7 bread rations
 z - 12 royal jellies
 B - 6 chunks of flesh


   Skills:
 - Level 7.1 Fighting
   Level 5.7(8.6) Short Blades
 - Level 10.1(10.6) Long Blades
 * Level 10.9 Armour
 - Level 7.3 Dodging
 - Level 0.8 Stealth
 * Level 6.6 Invocations
 - Level 13.6 Evocations


You had 13 spell levels left.
You didn't know any spells.

Dungeon Overview and Level Annotations

Branches:
Dungeon (12/15)            Temple (1/1) D:7            Lair (6/6) D:11
  Swamp (0/4) Lair:3       Spider (0/4) Lair:3        Slime (0/5) Lair:5
    Orc (0/2) D:11

Altars:
Ashenzari
Cheibriados
Dithmenos
Elyvilon
Fedhas
Gozag
Hepliaklqana
Kikubaaqudgha
Makhleb
Nemelex Xobeh
Okawaru
Qazlal
Ru
Sif Muna
Trog
Uskayaw
Vehumet
Xom
Yredelemnul
Zin
The Shining One

Shops:
D:5 %   D:9 *:

Portals:
Trove: D:10 (give +4 ice dragon scales)

Annotations:
Lair:3 exclusion: oklob plant
Lair:5 exclusion: 4 oklob plants


Innate Abilities, Weirdness & Mutations

You have hooves in place of feet.
You are completely covered in icy blue scales. (AC +4, rC+)
You are significantly more attuned to the shadows.
You are partially covered in sharp spines.
Your flesh is heat resistant. (rF+)
You have an increased reservoir of magic. (+10% MP)
You occasionally shout uncontrollably at your foes.


Message History

You hit the catoblepas but do no damage.
You kick the catoblepas.
The catoblepas is severely wounded.
The catoblepas gores you.
* * * LOW HITPOINT WARNING * * *
You hit the catoblepas but do no damage.
You kick the catoblepas, but do no damage.
The catoblepas is severely wounded.
The catoblepas is struck by your spines.
The catoblepas gores you!!
* * * LOW HITPOINT WARNING * * *
Evoke which item? (* to show all) (? for menu, Esc to quit)
A fierce wind blows from the fan.
The catoblepas breathes a plume of calcifying dust at you.
The blast of calcifying dust hits you!
* * * LOW HITPOINT WARNING * * *
The catoblepas breathes a plume of calcifying dust at you.
The blast of calcifying dust hits you!
You die...
Your body glows with a rainbow of weird colours and disappears.

.......#.###..............#.#...P
....<.♣#....##.8............#....
.#.....#.....#........8.........P
.#..♣.#÷.........8..........P####
###.###.....P.......8....#####
###.............8......###
.###........###..Y...###
.###.......## ##§§...P#
..##.......# #.@§###..#
.##.......## #...## ###
.##.......# #...## .#........#
#..# ....#.#..# #.. #.....P.##
... PP......## ...P.....#
.........#


You could see a catoblepas.

Vanquished Creatures
  Gastronok (D:9)
  A ghost moth (Lair:1)
  An ettin (D:11)
  2 hydras
  A centaur warrior (D:12)
  3 two-headed ogres
  4 death yaks
  Sonja (D:10)
  A fire crab (Lair:5)
  An unseen horror (D:12)
  Pikel (D:9)
  A deep elf mage (D:12)
  An ugly thing (D:12)
  A manticore (Lair:6)
  A cyclops (D:11)
  2 elephants (Lair:4)
  5 black mambas
  Maurice (D:10)
  6 spiny frogs
  A torpor snail (Lair:3)
  2 centaur zombies
  A rime drake (Lair:6)
  5 komodo dragons
  A polar bear (Lair:4)
  2 trolls (D:12)
  9 blink frogs
  Grinder (D:3)
  10 hippogriffs
  4 slime creatures
  2 wraiths
  42 yaks
  A wyvern (D:9)
  2 basilisks (D:11)
  A steam dragon (Lair:3)
  4 wargs (D:11)
  15 water moccasins
  A floating eye (Lair:5)
  10 porcupines
  3 slaves (D:9)
  2 black bears
  An ice beast (D:5)
  6 ogres
  A necrophage (D:9)
  2 orc warriors
  2 phantoms
  28 wolves
  15 crocodiles
  2 centaurs
  A big kobold (D:8)
  19 bullfrogs
  3 scorpions
  12 killer bees
  7 wights
  4 howler monkeys
  2 electric eels (Lair:1)
  8 crimson imps
  5 jellies
  A quasit (D:7)
  5 hounds
  A centaur skeleton (D:6)
  2 orc priests (D:10)
  8 iguanas
  6 orc wizards
  15 worker ants
  Robin (D:4)
  4 gnolls (D:5)
  11 adders
  3 shadow imps
  2 oozes (Lair:5)
  A worm (D:6)
  3 leopard geckos
  21 orcs
  10 bats
  2 giant cockroaches (D:3)
  13 goblins
  6 hobgoblins
  9 jackals
  A quokka (D:7)
  4 ball pythons
  7 frilled lizards
  8 kobolds
  A quokka skeleton (D:6)
  4 rats (D:3)
  A fungus (Lair:6)
  A plant (Lair:5)
423 creatures vanquished.

Vanquished Creatures (collateral kills)
  The ghost of NorthaanB the Fighter, a journeyman OgWz of Hepliaklqana (Lair:6)
  A hydra (Lair:3)
  2 death yaks (Lair:6)
  An elephant (Lair:4)
  2 spiny frogs (Lair:6)
  A torpor snail (Lair:6)
  A yak (Lair:1)
  2 water moccasins
  An orc warrior (D:11)
  A centaur (D:10)
  A wolf (Lair:3)
  An eye of draining (D:10)
  A crocodile (Lair:6)
  5 killer bees
  An orc priest (D:9)
  An orc (D:4)
  A goblin (D:4)
  2 hobgoblins (D:4)
  2 kobolds
28 creatures vanquished.

Vanquished Creatures (others)
  A spiny frog (Lair:2)
  A yak (Lair:1)
  Blork the orc (D:4)
  A howler monkey (D:4)
  8 fungi
  14 plants
26 creatures vanquished.

Grand Total: 477 creatures vanquished

Notes
Turn   | Place    | Note
-------+----------+-------------------------------------------
     0 | D:1      | vatarom the Demonspawn Artificer began the quest for the Orb.
     0 | D:1      | Reached XP level 1. HP: 15/15 MP: 3/3
   230 | D:1      | Reached skill level 1 in Short Blades
   352 | D:1      | Gained mutation: You have a pair of small antennae on your head. [potion of mutation]
   352 | D:1      | Gained mutation: You have a pair of antennae on your head. [potion of mutation]
   524 | D:1      | Gained mutation: You have large cloven feet. [demonic ancestry]
   524 | D:1      | Reached XP level 2. HP: 19/21 MP: 4/4
  1210 | D:2      | Found a stormy altar of Qazlal.
  1210 | D:2      | Found an ancient bone altar of Kikubaaqudgha.
  1499 | D:2      | Found a burning altar of Makhleb.
  1526 | D:2      | Found a hazy altar of Hepliaklqana.
  1536 | D:2      | Gained mutation: You are partially covered in icy blue scales. (AC +2) [demonic ancestry]
  1536 | D:2      | Reached XP level 3. HP: 26/26 MP: 5/5
  1650 | D:2      | Lost mutation: You have a pair of antennae on your head. [potion of mutation]
  1650 | D:2      | Lost mutation: You have a pair of small antennae on your head. [potion of mutation]
  1650 | D:2      | Gained mutation: You are agile. (Dex +2) [potion of mutation]
  1650 | D:2      | Gained mutation: Your muscles are strong. (Str +2) [potion of mutation]
  1650 | D:2      | Gained mutation: You have very sharp teeth. [potion of mutation]
  1650 | D:2      | Gained mutation: You possess an exceptional clarity of mind. [potion of mutation]
  1714 | D:2      | Reached skill level 4 in Evocations
  2450 | D:3      | Found a snail-covered altar of Cheibriados.
  2713 | D:3      | Reached XP level 4. HP: 20/32 MP: 7/7
  2955 | D:4      | Noticed Grinder
  2964 | D:3      | Paralysed by Grinder for 4 turns
  3030 | D:3      | Killed Grinder
  3030 | D:3      | Reached skill level 6 in Evocations
  3030 | D:3      | Gained mutation: You are partially covered in sharp spines. [demonic ancestry]
  3030 | D:3      | Reached XP level 5. HP: 15/37 MP: 7/9
  3222 | D:4      | Noticed Blork the orc
  3235 | D:4      | Gained mutation: You have hoof-like feet. [demonic ancestry]
  3235 | D:4      | Reached XP level 6. HP: 24/43 MP: 10/10
  3249 | D:4      | Killed Blork the orc
  3328 | D:4      | Noticed Robin
  3641 | D:4      | Lost mutation: Your muscles are strong. (Str +2) [potion of mutation]
  3641 | D:4      | Lost mutation: You are agile. (Dex +2) [potion of mutation]
  3641 | D:4      | Lost mutation: You possess an exceptional clarity of mind. [potion of mutation]
  3641 | D:4      | Gained mutation: You possess an exceptional clarity of mind. [potion of mutation]
  3641 | D:4      | Gained mutation: You have supernaturally acute eyesight. (SInv) [potion of mutation]
  3642 | D:4      | Lost mutation: You possess an exceptional clarity of mind. [potion of mutation]
  3642 | D:4      | Lost mutation: You have supernaturally acute eyesight. (SInv) [potion of mutation]
  3642 | D:4      | Lost mutation: You have very sharp teeth. [potion of mutation]
  3642 | D:4      | Gained mutation: Your flesh is heat resistant. (rF+) [potion of mutation]
  3642 | D:4      | Gained mutation: Scrolls take you a little longer to read. [potion of mutation]
  3642 | D:4      | Gained mutation: You have a pair of small horns on your head. [potion of mutation]
  3711 | D:4      | Killed Robin
  3711 | D:4      | Reached skill level 7 in Evocations
  3922 | D:5      | Entered Level 5 of the Dungeon
  4280 | D:5      | Gained mutation: You are slightly more attuned to the shadows. [demonic ancestry]
  4280 | D:5      | Reached XP level 7. HP: 40/48 MP: 12/12
  4285 | D:5      | Reached skill level 8 in Evocations
  4425 | D:5      | Found a glowing silver altar of Zin.
  4622 | D:5      | Found Vimuw's Food Shoppe.
  5086 | D:6      | Gained mutation: You have hooves in place of feet. [demonic ancestry]
  5086 | D:6      | Reached XP level 8. HP: 60/60 MP: 14/14
  5091 | D:6      | Found a bloodstained altar of Trog.
  5634 | D:7      | Found a flagged portal.
  5980 | D:7      | Reached skill level 5 in Fighting
  6185 | Bailey   | Entered a bailey
  6185 | Bailey   | Noticed kae's ghost (novice DsGl)
  6577 | D:7      | Found a staircase to the Ecumenical Temple.
  6594 | Temple   | Entered the Ecumenical Temple
  6649 | Temple   | Became a worshipper of Nemelex Xobeh the Trickster
  6840 | D:7      | Found a blossoming altar of Fedhas.
  6952 | D:8      | Noticed Prince Ribbit
  6959 | D:8      | Noticed Prince Ribbit
  6959 | D:8      | Prince Ribbit changed into Prince Ribbit the blink frog
  6970 | D:8      | Killed Prince Ribbit the blink frog
  7001 | D:8      | Noticed a two-headed ogre
  7002 | D:8      | Reached skill level 5 in Short Blades
  7002 | D:8      | Gained mutation: You are mostly covered in icy blue scales. (AC +3) [demonic ancestry]
  7002 | D:8      | Reached XP level 9. HP: 64/69 MP: 15/15
  7011 | D:8      | Killed a two-headed ogre
  7011 | D:8      | Reached skill level 9 in Evocations
  7051 | D:8      | Got a slimy chain mail
  7054 | D:8      | Identified the +5 chain mail of the Marlin {rPois rN+ Int+3} (You found it on level 8 of the Dungeon)
  7118 | D:8      | Received a gift from Nemelex Xobeh
  7118 | D:8      | Noticed Joseph
  7120 | D:8      | Noticed Joseph
  7120 | D:8      | Joseph changed into Joseph the ogre
  7124 | D:8      | Killed Joseph the ogre
  7124 | D:8      | Reached skill level 1 in Armour
  7258 | D:8      | Reached skill level 10 in Evocations
  7303 | D:8      | Noticed a two-headed ogre
  7311 | D:8      | Killed a two-headed ogre
  7363 | D:8      | Found a white marble altar of Elyvilon.
  7494 | D:8      | Reached * piety under Nemelex Xobeh
  7856 | D:9      | Reached XP level 10. HP: 63/76 MP: 18/18
  7947 | D:9      | Reached skill level 11 in Evocations
  7971 | D:9      | Found Quireakh's Book Boutique.
  7981 | D:9      | Noticed Gastronok
  8478 | D:9      | Reached skill level 1 in Long Blades
  8691 | D:9      | Found Gozag's Platinum Reserve.
  8691 | D:9      | Found an opulent altar of Gozag.
  9074 | D:9      | Killed Gastronok
  9074 | D:9      | Reached skill level 12 in Evocations
  9299 | D:9      | Found a shattered altar of Ashenzari.
  9453 | D:9      | Noticed Pikel
  9472 | D:9      | Killed Pikel
  9472 | D:9      | Reached skill level 5 in Long Blades
  9472 | D:9      | Gained mutation: You are completely covered in icy blue scales. (AC +4, rC+) [demonic ancestry]
  9472 | D:9      | Reached XP level 11. HP: 24/81 MP: 20/20
  9474 | D:9      | Received a gift from Nemelex Xobeh
  9763 | D:9      | Found a shadowy altar of Dithmenos.
  9873 | D:10     | Entered Level 10 of the Dungeon
  9987 | D:10     | Noticed Sonja
  9994 | D:10     | Killed Sonja
 10070 | D:10     | Found a portal to a secret trove of treasure.
 10252 | D:10     | Noticed Maurice
 10270 | D:10     | Killed Maurice
 10294 | D:10     | Received a gift from Nemelex Xobeh
 10527 | D:10     | Reached skill level 5 in Armour
 10862 | D:11     | Noticed a seven-headed hydra
 10868 | D:11     | You fall through a shaft!
 10914 | D:12     | Killed an unseen horror
 11130 | D:11     | Reached ** piety under Nemelex Xobeh
 11340 | D:11     | Noticed an ettin
 11340 | D:11     | a seven-headed hydra changed into an ettin
 11352 | D:11     | Killed an ettin
 11419 | D:11     | Found a staircase to the Orcish Mines.
 11744 | D:11     | Found a staircase to the Lair.
 11994 | D:12     | Gained mutation: You are significantly more attuned to the shadows. [demonic ancestry]
 11994 | D:12     | Reached XP level 12. HP: 50/88 MP: 21/21
 12014 | D:11     | You fall through a shaft!
 12043 | D:12     | Noticed a two-headed ogre
 12053 | D:12     | Killed a two-headed ogre
 12199 | D:12     | Noticed a centaur warrior
 12207 | D:12     | Killed a centaur warrior
 12513 | Lair:1   | Entered Level 1 of the Lair of Beasts
 13016 | Lair:1   | Reached *** piety under Nemelex Xobeh
 13016 | Lair:1   | Received a gift from Nemelex Xobeh
 13394 | Lair:1   | Noticed a five-headed hydra
 13406 | Lair:1   | Killed a five-headed hydra
 13828 | Lair:2   | Reached skill level 5 in Dodging
 14039 | Lair:2   | Received a gift from Nemelex Xobeh
 14105 | Lair:2   | Noticed a death yak
 14225 | Lair:2   | a death yak changed into something unseen
 14282 | Lair:1   | Killed a ghost moth
 14766 | Lair:3   | Reached XP level 13. HP: 29/93 MP: 22/22
 14929 | Lair:3   | Received a gift from Nemelex Xobeh
 14932 | Lair:3   | Reached **** piety under Nemelex Xobeh
 15272 | Lair:3   | Reached skill level 10 in Long Blades
 15272 | Lair:3   | Reached skill level 13 in Evocations
 15288 | Lair:3   | Received a gift from Nemelex Xobeh
 15367 | Lair:3   | Found a staircase to the Swamp.
 15436 | Lair:3   | Found a hole to the Spider Nest.
 15577 | Lair:4   | Reached ***** piety under Nemelex Xobeh
 15704 | Lair:4   | Received a gift from Nemelex Xobeh
 16332 | Lair:5   | Received a gift from Nemelex Xobeh
 16650 | Lair:5   | Found a staircase to the Slime Pits.
 16825 | Lair:5   | Got an encrusted leather armour
 16844 | Lair:5   | Identified the +2 leather armour "Xaishat" {+Inv MR- Int+2} (You found it on level 5 of the Lair of Beasts)
 17042 | Lair:5   | Received a gift from Nemelex Xobeh
 17281 | Lair:6   | Entered Level 6 of the Lair of Beasts
 17302 | Lair:6   | Reached skill level 1 in Invocations
 17309 | Lair:6   | Reached skill level 10 in Armour
 17486 | Lair:6   | Identified a scroll of acquirement
 17584 | Lair:6   | Lost mutation: Scrolls take you a little longer to read. [potion of mutation]
 17584 | Lair:6   | Lost mutation: You have a pair of small horns on your head. [potion of mutation]
 17584 | Lair:6   | Gained mutation: You occasionally shout uncontrollably at your foes. [potion of mutation]
 17584 | Lair:6   | Gained mutation: You have an increased reservoir of magic. (+10% MP) [potion of mutation]
 17697 | Lair:6   | Reached skill level 5 in Invocations
 17857 | Lair:6   | Noticed NorthaanB's ghost (journeyman OgWz)
 17871 | Lair:6   | Killed NorthaanB's ghost
 18015 | Lair:6   | Reached XP level 14. HP: 35/103 MP: 26/26
 18211 | Lair:6   | Received a gift from Nemelex Xobeh
 18261 | Lair:6   | HP: 4/103 [catoblepas/blast of calcifying dust (4)]
 18262 | Lair:6   | Killed from afar by a catoblepas

Skill      XL: |  1  2  3  4  5  6  7  8  9 10 11 12 13 |
---------------+----------------------------------------+-----
Short Blades   | 1 3 5 |  5.7
Evocations     | 4 6 7 8 10 12 13 | 13.6
Fighting       | 3 6 7 |  7.1
Armour         | 4 7 8 10 | 10.9
Long Blades    | 5 8 9 10 | 10.1
Dodging        | 7 |  7.3
Invocations    | 6 |  6.6
Stealth        | |  0.8

Action                   |  1- 3 |  4- 6 |  7- 9 | 10-12 | 13-15 || total
-------------------------+-------+-------+-------+-------+-------++-------
Melee: Short sword       |   107 |    46 |   248 |    48 |       ||   449
       Kick              |    17 |    13 |    75 |   262 |   174 ||   541
       Bite              |     5 |     2 |       |       |       ||     7
       Headbutt          |       |     3 |    51 |   157 |    63 ||   274
       Falchion          |       |       |       |   436 |   210 ||   646
       Great sword       |       |       |       |    99 |   129 ||   228
Evoke: Wand              |    24 |    18 |     4 |    29 |     2 ||    77
       Deck              |       |       |     2 |    31 |    13 ||    46
       Fan of gales      |       |       |       |     1 |     1 ||     2
       Sack of spiders   |       |       |       |       |     2 ||     2
  Use: Scroll            |     6 |     3 |     4 |     9 |    11 ||    33
       Potion            |     5 |     5 |       |     8 |     4 ||    22
 Stab: Sleeping          |     1 |       |     1 |       |       ||     2
       Distracted        |       |       |     1 |       |     1 ||     2
       Paralysed         |       |       |     4 |    16 |       ||    20
       Confused          |       |       |       |     5 |       ||     5
       Betrayed ally     |       |       |       |     1 |       ||     1
  Eat: Chunk             |     2 |       |     6 |     8 |     9 ||    25
       Bread ration      |     1 |     1 |       |     1 |       ||     3
       Meat ration       |       |       |     1 |     2 |     1 ||     4
       Fruit             |       |       |       |     2 |       ||     2
Armor: Leather armour    |    58 |    21 |    76 |       |       ||   155
       Chain mail        |       |       |    42 |   445 |   185 ||   672
Dodge: Dodged            |    83 |    25 |   109 |   260 |   228 ||   705
       Rpst.: Falchion   |       |       |       |    43 |    26 ||    69
       Great sword       |       |       |       |    30 |    26 ||    56
